Map: Whitewater Line LE

Players

IIIIIIIIIIII

  • Race: Zerg Zerg
  • League: Master
  • Spawn Location: 12:00

hollatme

  • Race: Protoss Protoss
  • League: Master
  • Spawn Location: 1:00

Common

  • Race: Zerg Zerg
  • League: Diamond
  • Spawn Location: 1:00

Throwfordays

  • Race: Zerg Zerg
  • League: Silver
  • Spawn Location: 7:00

Breakfast

  • Race: Terran Terran
  • Spawn Location: 7:00

Faust

  • Race: Zerg Zerg
  • League: Diamond
  • Spawn Location: 6:00

VOD

Have the link to the VOD?

Description

Time

  • Played on: Feb. 25, 2019, 10:08 p.m.
  • Length: 9:05
Show
View Real Time Build Order
Export as new Build Order

IIIIIIIIIIII Zerg 

Build Orders: Pool First 

Get SALT Encoding   

  12  0:01  Drone  
  13  0:14  Extractor  
  12  0:24  Spawning Pool  
  11  0:28  Drone  
  11  0:34  Drone  
  13  0:39  Drone  
  14  0:50  Overlord  
  14  1:12  Zergling x6  
  17  1:19  Metabolic Boost  
  17  1:26  Queen  
  17  1:31  Zergling x2  
  20  1:35  Zergling x2  
  21  1:59  Hatchery  
  20  2:07  Overlord  
  20  2:12  Zergling x2  
  21  2:15  Zergling x2  
  23  2:30  Zergling x4  
  24  2:37  Zergling x6  
  27  2:44  Overlord  
  27  3:01  Zergling x2  
  28  3:11  Queen  
  30  3:19  Drone x4  
  33  3:20  Drone  
  34  3:29  Drone x2  
  36  3:39  Drone  
  36  3:40  Drone  
  38  3:42  Drone  
  39  3:49  Queen  
  39  3:55  Overlord  
  38  4:03  Drone x3  
  34  4:13  Drone x4  
  37  4:27  Zergling x10  
  42  4:37  Hatchery  
  41  4:42  Drone  
  42  4:51  Drone x3  
  46  4:52  Drone  
  46  4:53  Extractor  
  45  5:03  Drone x3  
  48  5:07  Extractor, Drone  
  48  5:08  Extractor, Drone, Overlord x2  
  48  5:24  Drone x3  
  48  5:25  Drone  
  48  5:28  Drone x2  
  54  5:33  Evolution Chamber  
  54  5:35  Evolution Chamber  
  52  5:36  Drone x2  
  52  5:37  Drone x2  
  52  5:38  Roach Warren  
  52  5:42  Lair  
  55  5:47  Drone x2  
  55  5:48  Drone  
  58  5:56  Queen  
  60  6:01  Drone x4  
  60  6:02  Drone  
  65  6:06  Zerg Missile Weapons Level 1  
  65  6:11  Zerg Ground Armor Level 1  
  65  6:13  Drone  
  65  6:14  Drone  
  67  6:20  Drone x2  
  67  6:21  Drone  
  70  6:27  Overlord x2  
  64  6:42  Hydralisk Den  
  63  6:47  Drone x2  
  63  6:48  Drone, Roach  
  63  6:49  Roach x7  
  82  6:55  Glial Reconstitution  
  82  6:57  Overlord x2  
  82  7:04  Extractor, Drone x2  
  82  7:05  Extractor  
  82  7:12  Drone x3  
  82  7:14  Drone x3  
  88  7:17  Drone  
  88  7:19  Hatchery, Overlord  
  88  7:21  Muscular Augments  
  88  7:28  Hydralisk x3  
  95  7:37  Hydralisk x3  
  95  7:41  Overseer  
  98  7:48  Hydralisk  
  98  7:49  Zergling x2  
  98  7:50  Zergling x18  
  106  7:54  Pneumatized Carapace  
  106  8:10  Drone x3  
  106  8:11  Drone x3  
  112  8:19  Overlord  
  112  8:20  Overlord x3  
  112  8:40  Hatchery  
  111  8:46  Roach x4  
  111  8:47  Zergling x6  
Show
View Real Time Build Order
Export as new Build Order

hollatme Protoss 

Build Orders: Double Forge, Nexus First, Zealot Archon 

Get SALT Encoding   

  12  0:01  Probe  
  13  0:13  Probe  
  14  0:17  Pylon  
  14  0:24  Probe  
  15  0:32  Probe  
  15  0:40  Probe  
  17  0:51  Probe  
  18  1:04  Nexus  
  18  1:11  Probe  
  18  1:13  Gateway  
  19  1:20  Probe  
  19  1:22  Assimilator  
  20  1:30  Probe  
  21  1:35  Pylon  
  21  1:42  Probe  
  22  1:53  Probe  
  23  2:01  Probe  
  23  2:02  Cybernetics Core  
  24  2:09  Probe  
  24  2:12  Probe  
  25  2:20  Probe  
  25  2:21  Probe  
  27  2:29  Warp Gate  
  28  2:30  Probe  
  28  2:33  Nexus, Probe  
  30  2:42  Probe  
  31  2:45  Probe  
  31  2:50  Twilight Council  
  32  2:55  Probe  
  32  2:58  Probe  
  34  3:03  Pylon  
  34  3:06  Charge  
  34  3:07  Probe  
  34  3:10  Probe  
  36  3:19  Gateway, Probe  
  37  3:20  Gateway  
  37  3:22  Gateway, Probe  
  38  3:31  Probe  
  40  3:34  Probe  
  40  3:41  Gateway  
  40  3:43  Gateway, Probe  
  40  3:46  Probe  
  40  3:48  Probe  
  42  3:55  Pylon, Probe  
  44  3:56  Probe  
  44  3:58  Probe  
  44  4:01  Pylon  
  46  4:06  Probe  
  46  4:07  Probe  
  46  4:08  Pylon  
  48  4:10  Probe  
  48  4:16  Assimilator  
  49  4:19  Assimilator, Probe  
  49  4:20  Assimilator  
  49  4:21  Pylon  
  49  4:22  Probe  
  49  4:23  Zealot x3  
  57  4:25  Zealot  
  57  4:27  Probe  
  60  4:34  Probe x2  
  60  4:35  Templar Archives  
  62  4:39  Probe  
  62  4:40  Forge  
  62  4:44  Forge  
  63  4:47  Probe  
  63  4:48  Zealot, Probe  
  63  4:49  Zealot x2  
  71  4:55  Protoss Ground Weapons Level 1  
  71  4:56  Probe  
  71  4:57  Probe  
  71  4:58  Protoss Ground Armor Level 1  
  72  5:00  Assimilator  
  72  5:02  Assimilator  
  72  5:03  Zealot  
  72  5:05  Zealot  
  72  5:06  Probe  
  77  5:09  Gateway  
  77  5:10  Probe  
  77  5:12  Gateway  
  79  5:16  High Templar x2  
  79  5:19  Photon Cannon  
  83  5:21  Photon Cannon  
  83  5:23  Probe  
  83  5:25  Probe  
  85  5:33  Probe  
  85  5:34  Archon  
  85  5:35  Probe  
  87  5:37  Probe  
  87  5:41  Zealot  
  90  5:45  Gateway, Probe  
  90  5:47  Probe  
  90  5:49  Probe  
  93  5:50  Photon Cannon  
  93  5:53  Photon Cannon  
  93  5:59  Gateway, Probe  
  93  6:02  Gateway  
  94  6:06  High Templar x2  
  98  6:12  Pylon  
  98  6:17  Robotics Facility  
  98  6:22  Nexus  
  98  6:23  Pylon  
  98  6:26  High Templar  
  98  6:27  Pylon  
  98  6:28  Archon  
  98  6:32  Pylon  
  100  6:33  Photon Cannon  
  100  6:34  Pylon  
  100  6:36  High Templar  
  102  6:41  Zealot x4  
  102  6:43  Archon  
  110  6:52  High Templar x2  
  110  6:53  High Templar x2  
  118  6:57  Archon  
  118  6:58  Zealot  
  118  6:59  Archon  
  120  7:04  Zealot  
  120  7:05  Zealot x4  
  130  7:16  Gateway  
  130  7:17  Gateway  
  130  7:20  Gateway  
  130  7:23  Photon Cannon  
  130  7:24  Photon Cannon  
  130  7:27  Photon Cannon  
  130  7:28  Gateway  
  130  7:29  Gateway, Probe x2  
  132  7:37  Photon Cannon  
  132  7:40  Photon Cannon  
  132  7:41  Probe x2  
  134  7:48  Observer  
  135  7:53  Probe  
  136  7:59  Assimilator  
  136  8:01  Assimilator, Probe  
  136  8:03  Pylon x2  
  137  8:09  Observer  
  137  8:11  Probe  
  131  8:23  Probe  
  128  8:31  Probe x2  
  130  8:35  Probe  
  130  8:39  Shield Battery x2  
  130  8:40  Shield Battery  
  128  9:02  Pylon  
  128  9:04  Pylon  
Show
View Real Time Build Order
Export as new Build Order

Common Zerg 

Build Orders: 1 Base Baneling Bust, Pool First, Zergling Baneling 

Get SALT Encoding   

  12  0:01  Drone  
  13  0:08  Extractor  
  12  0:25  Spawning Pool  
  11  0:30  Drone  
  12  0:36  Drone  
  12  0:42  Drone  
  14  0:55  Overlord  
  14  1:12  Metabolic Boost  
  14  1:14  Zergling x2  
  14  1:15  Zergling x2  
  16  1:20  Zergling x2  
  17  1:30  Zergling x2  
  18  1:35  Baneling Nest  
  18  1:37  Zergling x2  
  18  1:47  Zergling x2  
  19  1:56  Queen  
  21  2:04  Overlord  
  21  2:14  Zergling x2  
  22  2:23  Baneling x2  
  22  2:26  Zergling x2  
  22  3:09  Hatchery  
  21  3:18  Drone x6  
  27  3:26  Baneling x3  
  27  3:28  Baneling  
  27  3:31  Baneling  
  27  3:34  Baneling  
  27  3:37  Baneling  
  27  4:02  Zergling x2  
  21  4:03  Zergling x8  
  26  4:10  Drone  
  26  4:20  Drone  
  27  4:27  Baneling  
  27  4:28  Baneling x3  
  27  4:34  Drone x2  
  27  4:36  Queen  
  27  4:37  Overlord  
  30  4:47  Overlord  
  30  4:48  Overlord  
  29  5:00  Zergling x4  
  29  5:01  Zergling x6  
  29  5:06  Baneling  
  32  5:19  Zergling x10  
  36  5:36  Baneling  
  36  5:37  Baneling  
  36  5:38  Baneling x2  
  36  5:40  Drone  
  36  5:41  Drone x3  
  40  5:45  Extractor  
  40  5:47  Drone x4  
  40  5:48  Drone x2  
  45  5:58  Drone x3  
  48  6:08  Zergling x4  
  50  6:31  Lair  
  48  6:35  Evolution Chamber  
  41  6:43  Drone x7  
  41  6:44  Overlord  
  48  6:52  Hatchery  
  47  6:59  Extractor  
  47  7:00  Extractor  
  45  7:02  Zerg Melee Weapons Level 1  
  45  7:09  Overlord x4  
  45  7:13  Drone x3  
  48  7:25  Drone x3  
  51  7:41  Drone x3  
  51  7:42  Drone x2  
  56  7:48  Zergling x8  
  60  8:01  Zergling x2  
  60  8:02  Zergling x2  
  60  8:04  Baneling x4  
  60  8:05  Baneling  
  60  8:08  Zergling x2  
  59  8:36  Zergling x2  
  59  8:37  Zergling x16  
  68  8:43  Evolution Chamber  
  68  8:44  Hydralisk Den  
  70  8:56  Hatchery  
Show
View Real Time Build Order
Export as new Build Order

Throwfordays Zerg 

Build Orders: Hatch First 

Get SALT Encoding   

  12  0:01  Drone  
  13  0:09  Drone  
  14  0:15  Extractor  
  14  0:16  Drone  
  14  0:20  Extractor  
  13  0:23  Drone  
  16  0:29  Overlord  
  16  0:56  Drone  
  17  1:00  Hatchery  
  16  1:04  Drone  
  16  1:07  Drone  
  18  1:12  Extractor  
  18  1:14  Drone  
  18  1:22  Spawning Pool  
  17  1:26  Drone  
  17  1:32  Extractor  
  17  1:37  Drone  
  18  1:41  Drone  
  19  2:10  Queen  
  19  2:12  Metabolic Boost  
  19  2:14  Overlord x2  
  21  2:17  Zergling x2  
  24  2:25  Zergling x2  
  24  2:28  Zergling x2  
  26  2:34  Zergling x2  
  27  2:56  Zergling x4  
  24  3:09  Zergling x4  
  26  3:15  Zergling x2  
  27  3:24  Zergling x2  
  28  3:30  Zergling x6  
  31  3:39  Drone, Evolution Chamber  
  31  3:44  Zergling x2  
  32  4:00  Zergling x6  
  32  4:01  Zergling x2  
  31  4:07  Zerg Melee Weapons Level 1  
  29  4:11  Drone  
  30  4:50  Hatchery  
  29  4:53  Drone x3  
  32  5:03  Lair  
  25  5:35  Drone x2  
  25  5:36  Drone x2  
  28  5:45  Drone x2  
  30  6:02  Roach Warren  
  29  6:10  Zergling x2  
  32  6:13  Zergling x8  
  32  6:14  Zergling x4  
  33  7:02  Hatchery  
  32  7:09  Spire  
  32  7:11  Hydralisk Den  
  30  7:17  Glial Reconstitution  
  30  7:21  Roach x3  
  36  7:38  Roach  
  36  7:41  Overlord x3  
  38  8:08  Evolution Chamber  
  38  8:12  Roach x4  
  41  8:13  Roach  
  43  8:28  Roach  
  43  8:32  Roach x2  
Show
View Real Time Build Order
Export as new Build Order

Breakfast Terran 

Build Orders:  

Get SALT Encoding   

  12  0:02  SCV  
  13  0:14  SCV  
  14  0:26  SCV  
  15  0:30  Supply Depot  
  15  0:45  Supply Depot  
  15  0:51  SCV  
  16  1:00  Supply Depot  
  16  1:03  SCV  
  17  1:14  Supply Depot  
  17  1:16  SCV  
  18  1:22  Barracks  
  18  1:28  SCV  
  19  1:32  Supply Depot  
  19  1:49  Barracks  
  19  2:03  Engineering Bay  
  19  2:10  Marine  
  20  2:18  Engineering Bay  
  20  2:28  Marine  
  21  2:37  Marine  
  22  2:46  Refinery, Marine  
  22  2:48  Refinery  
  23  2:55  Marine  
  24  3:04  Marine  
  25  3:13  Marine, SCV  
  27  3:22  Marine  
  27  3:25  SCV  
  29  3:30  Marine  
  29  3:31  Terran Infantry Weapons Level 1  
  30  3:38  SCV  
  30  3:40  Marine  
  30  3:41  Barracks  
  32  3:48  Marine  
  32  3:50  SCV, Factory  
  34  3:57  Marine  
  29  4:06  Marine  
  30  4:15  Marine  
  31  4:19  Terran Infantry Armor Level 1  
  31  4:21  SCV  
  32  4:24  Marine  
  33  4:33  Marine, Supply Depot  
  33  4:37  Marine  
  35  4:42  Marine  
  36  4:51  Marine, Armory  
  33  4:54  Hellion  
  33  4:55  Marine  
  33  4:59  Marine  
  37  5:08  Orbital Command  
  37  5:09  Marine  
  37  5:13  Marine  
  39  5:16  Hellion  
  39  5:17  Marine  
  42  5:26  Marine  
  43  5:31  Marine  
  43  5:35  Marine  
  44  5:38  Hellion  
  47  5:43  Terran Infantry Weapons Level 2  
  47  6:12  Supply Depot  
  47  6:33  Marine x3, Supply Depot  
  50  6:51  Marine x3  
  53  6:59  Supply Depot  
  53  7:14  Barracks Tech Lab  
  53  7:15  Barracks Tech Lab x2  
  53  7:21  Supply Depot  
  53  7:39  Factory Tech Lab  
  53  7:48  Supply Depot  
  53  8:01  Marauder x3  
  53  8:04  Concussive Shells  
  59  8:11  Supply Depot  
  30  8:22  Marauder x2  
  32  8:34  Supply Depot  
Show
View Real Time Build Order
Export as new Build Order

Faust Zerg 

Build Orders: Hatch First, Swarm Host 

Get SALT Encoding   

  12  0:01  Drone  
  13  0:08  Drone  
  14  0:17  Extractor  
  14  0:18  Drone  
  15  0:23  Overlord  
  15  0:41  Drone x2  
  17  0:54  Hatchery  
  16  0:59  Drone  
  17  1:11  Spawning Pool  
  17  1:15  Drone  
  17  1:18  Drone  
  17  1:22  Drone  
  19  1:25  Extractor  
  19  1:27  Drone  
  19  1:40  Overlord  
  19  1:59  Zergling x4  
  19  2:00  Queen  
  23  2:07  Zergling x2  
  26  2:16  Spine Crawler  
  26  2:17  Zergling x2  
  26  2:23  Zergling x2  
  26  2:24  Zergling x2  
  26  2:51  Metabolic Boost  
  20  3:14  Drone x3  
  20  3:15  Spine Crawler  
  22  3:30  Lair  
  22  3:33  Extractor, Drone  
  22  3:54  Zergling x8  
  26  4:22  Drone  
  26  4:23  Drone  
  28  4:41  Drone  
  28  4:43  Overlord  
  28  4:44  Overlord  
  27  4:47  Hatchery  
  26  5:07  Baneling Nest  
  26  5:09  Infestation Pit  
  26  5:10  Nydus Network  
  22  5:37  Overlord  
  22  5:48  Swarm Host x2  
  22  5:49  Swarm Host  
  30  6:39  Swarm Host  
  30  6:40  Swarm Host x3  
  42  6:49  Overlord  
  42  6:56  Hatchery  
  41  7:14  Nydus Canal  
  41  7:22  Drone x2  
  43  7:24  Drone x3  
  46  8:12  Drone x6  
  52  8:13  Drone x2  
  19  8:52  Nydus Canal  
  10  8:59  Nydus Canal  
Tags
 
Add a new tag
Caveats
  • Supply blocks, unpowered buildings, or Contaminate may cause inaccurate times.
  • Supply counts are checked every 10 seconds.